Cogmind - Beta 13 @@@ ROGUE MODE // 2024.05.28 @ 12:15:53 Player: N0-H Result: Destroyed by G-34 Mercenary with Small Laser Performance ------------- Evolutions (1) 500 Regions Visited (2) 400 Robots Destroyed (25) 125 Value Destroyed (787) 787 Prototype IDs (0) 0 Alien Tech Used (0) 0 Bonus (0) 0 TOTAL SCORE: 1812 Bonus ------- None Cogmind --------- Core Integrity 0/400 Matter 273/300 Energy 100/100 System Corruption 0% Temperature Cool (6) Movement Core (700) Ox13 Location -9/Materials Parts ------- > --- POWER (1) -------- (None) > --- PROPULSION (2) --- (None) > --- UTILITY (4) ------ High-capacity Storage Unit Signal Interpreter > --- WEAPON (2) ------- (None) > --- INVENTORY (20) --- (None) Peak State ------------ > --- POWER ------------ Light Nuclear Core > --- PROPULSION ------- Aluminum Leg Aluminum Leg > --- UTILITY ---------- Large Storage Unit High-capacity Storage Unit > --- WEAPON ----------- Assault Rifle Plasma Cutter > --- INVENTORY -------- Signal Interpreter Grenade Launcher [Rating: 10] Favorites ----------- Power Light Ion Engine Engine Light Ion Engine Power Core Light Nuclear Core Propulsion Wheel Leg Aluminum Leg Wheel Wheel Utility Large Storage Unit Storage Large Storage Unit Processor Signal Interpreter Weapon Assault Rifle Energy Gun Small Laser Energy Cannon Beam Cannon Ballistic Gun Assault Rifle Launcher Grenade Launcher Special Weapon Plasma Cutter Build | -11 -10 -9 ------- Run | Yrd Mat Mat Slots Evolved 2 | . . 2 Power . | . . . Propulsion . | . . . Utility 2 | . . 2 Weapon . | . . . Parts Attached 20 | 4 10 6 Power 2 | 1 1 . Engine 1 | 1 . . Core 1 | . 1 . Reactor . | . . . Propulsion 4 | 2 2 . Treads . | . . . Leg 2 | . 2 . Wheel 2 | 2 . . Hover . | . . . Flight . | . . . Utility 4 | . 2 2 Device . | . . . Storage 3 | . 2 1 Processor 1 | . . 1 Hackware . | . . . Protection . | . . . Artifact . | . . . Weapon 10 | 1 5 4 Energy Gun 1 | . . 1 Energy Cannon 2 | . 2 . Ballistic Gun 3 | 1 2 . Ballistic Cannon . | . . . Launcher 2 | . 1 1 Special Weapon 2 | . . 2 Impact Weapon . | . . . Slashing Weapon . | . . . Piercing Weapon . | . . . Special Melee Weapon . | . . . Unidentified Prototypes . | . . . Parts Lost 12 | . 4 8 Power 2 | . 1 1 Propulsion 4 | . 2 2 Utility . | . . . Weapon 6 | . 1 5 Highest Loss Streak 7 | . 3 7 To Critical Strikes . | . . . Average Slot Usage (%) 60 | . 69 46 Engine 6 | . 11 . Core 2 | . 1 5 Leg 5 | . 2 9 Wheel 10 | . 17 . Storage 11 | . 12 11 Processor 3 | . . 8 Energy Gun 1 | . . 4 Energy Cannon 5 | . 9 . Ballistic Gun 9 | . 13 3 Special Weapon 1 | . . 3 Naked Turns . | . . . Heaviest Build 48 | 5 28 48 Greatest Support 20 | 20 20 20 Greatest Overweight (x) 13 | . 7 13 Average Overweight (x) 1 | . 1 4 Largest Inventory Capacity 20 | 5 15 20 Average Capacity 15 | 5 13 18 Most Carried 5 | 3 5 3 Average Carried 1 | . 2 . Final Capacity 20 | 5 15 20 Final Carried 2 | . 2 . Class Distribution -------------------- 100% | Mutant Dominant Class ---------------- Mutant | -10/Materials Mutant | -9/Materials Resources | -11 -10 -9 ----------- Run | Yrd Mat Mat Matter Collected 638 | 230 332 76 Remotely . | . . . Salvage Created 736 | 59 444 233 Parts 57 | 5 38 14 Haulers Intercepted 1 | . 1 . Recyclers Shooed . | . . . Parts Field Recycled . | . . . Retrieved Matter . | . . . Parts Self-Destructed . | . . . Prevented . | . . . Kills | -11 -10 -9 ------- Run | Yrd Mat Mat Combat Hostiles Destroyed 18 | 1 10 7 Guns 5 | 1 3 1 Cannons 7 | . 6 1 AOE 6 | . 1 5 Classes Destroyed 7 | 2 4 1 Builder 2 | . 1 1 Tunneler 2 | 1 . 1 Hauler 1 | . 1 . Mechanic 1 | . 1 . Watcher 1 | . 1 . Grunt 17 | 1 10 6 Sentry 1 | . . 1 Best Kill Streak 8 | 2 6 8 Combat Bots Only 6 | 1 2 6 Max Kills in Single Turn 3 | 1 3 2 Gunslinging . | . . . Exploded 1 | . 1 1 Melee . | . . . Uniques/NPCs Destroyed . | . . . Combat | -11 -10 -9 -------- Run | Yrd Mat Mat Hostile Shots Fired 157 | 8 58 91 Missed 37 | 4 11 22 Damage Taken 1525 | 42 574 909 Core 585 | 12 173 400 Absorbed by Shields . | . . . Core Remaining (%) 60 | 95 26 . Volleys Fired 93 | 6 65 22 Largest 2 | 1 2 2 Hottest 80 | 20 80 50 Shots Fired 154 | 6 120 28 Gun 82 | 6 65 11 Cannon 45 | . 45 . Launcher 18 | . 10 8 Special 9 | . . 9 Kinetic 75 | 6 65 4 Thermal 61 | . 45 16 Explosive 18 | . 10 8 Electromagnetic . | . . . Robot Hit Streak 15 | 3 9 15 Robot Miss Streak 2 | 2 2 2 Penetration Max . | . . . Secondary Targets . | . . . Shots Hit Robots 66 | 4 46 16 Core Hits 43 | 3 24 16 Critical Kills . | . . . Critical Parts Destroyed . | . . . Critical Strikes . | . . . Melee Attacks . | . . . Impact . | . . . Slashing . | . . . Piercing . | . . . Sneak Attacks . | . . . Combat Hostiles . | . . . Follow-up Attacks . | . . . Damage Inflicted 1746 | 61 1021 664 Guns 473 | 61 344 68 Cannons 298 | . 298 . Explosions 930 | . 371 559 Melee . | . . . Ramming 11 | . 8 3 Kinetic 419 | 61 344 14 Thermal 450 | . 298 152 Explosive 866 | . 371 495 Electromagnetic . | . . . Impact . | . . . Slashing . | . . . Piercing . | . . . Highest Corruption . | . . . Average Corruption . | . . . Corruption Purged . | . . . Corruption Blocked . | . . . Overload Shots . | . . . Overflow Damage 43 | . 5 38 Projectiles . | . . . Explosions 43 | . 5 38 Melee . | . . . Knockbacks 1 | . . 1 Impact 1 | . . 1 Kinetic . | . . . Secondary . | . . . Self-Inflicted Damage 120 | . 4 116 Shots 4 | . . 4 Rammed 6 | . 1 5 Targets Rammed 6 | . 1 5 Kicked . | . . . Crushed . | . . . Highest Temperature 222 | . 222 6 Average Temperature 65 | . 66 4 Received Heat Transfer 732 | 24 291 417 Siege Activations . | . . . Robots Corrupted . | . . . Combat Hostiles . | . . . Parts Fried . | . . . Impact Corruptions . | . . . Robots Melted . | . . . Combat Hostiles . | . . . Parts Melted . | . . . Heat Transferred 915 | . 629 286 Parts Sabotaged . | . . . Parts Stolen . | . . . Parts Stripped . | . . . Power Chain Reactions . | . . . Alert | -11 -10 -9 ------- Run | Yrd Mat Mat Peak Influence 370 | 25 370 207 Initial 22 | . 16 22 Average 135 | 1 188 71 Maximum Alert Level 1 | . 1 1 Low Security (%) 78 | 100 62 99 Level 1 21 | . 37 . Level 2 . | . . . Level 3 . | . . . Level 4 . | . . . Level 5 . | . . . High Security . | . . . Max Security . | . . . Squads Dispatched 5 | . 3 2 Investigation 3 | . 2 1 Extermination . | . . . Reinforcement 2 | . 1 1 Assault . | . . . Garrison . | . . . Intercept . | . . . Searches Triggered . | . . . Construction Impeded . | . . . Haulers Reinforced . | . . . Active Scanning Responses . | . . . Cargo Convoy Interrupts . | . . . Stealth | -11 -10 -9 --------- Run | Yrd Mat Mat Distress Signals 2 | . 1 1 Communications Jammed . | . . . Distress Signals . | . . . Times Spotted 29 | 1 16 12 Peak Tracking Total 5 | 1 3 5 Tactical Retreats 1 | . . 1 Traps | -11 -10 -9 ------- Run | Yrd Mat Mat Traps Triggered 2 | . 2 . Indirectly . | . . . Trap Hack Attempts . | . . . Triggered . | . . . Disarmed . | . . . Reprogrammed . | . . . Reused . | . . . Traps Extracted . | . . . Installed . | . . . Triggered . | . . . Machines | -11 -10 -9 ---------- Run | Yrd Mat Mat Machines Disabled 8 | . 7 1 Max in Single Turn 2 | . 2 1 Machines Repaired . | . . . Machines Dismantled . | . . . Machines Sabotaged . | . . . Overloaded Fab Kills . | . . . Hacking | -11 -10 -9 --------- Run | Yrd Mat Mat Machines Accessed 7 | . 6 1 Terminals 6 | . 5 1 Fabricators . | . . . Repair Stations . | . . . Recycling Units 1 | . 1 . Scanalyzers . | . . . Garrison Access . | . . . Total Hacks 16 | . 14 2 Successful 8 | . 8 . Failed 8 | . 6 2 Catastrophic 2 | . 1 1 Database Lockouts . | . . . Manual . | . . . Terminals 12 | . 10 2 Fabricators . | . . . Repair Stations . | . . . Recycling Units 4 | . 4 . Scanalyzers . | . . . Garrison Access . | . . . Terminal Hacks 5 | . 5 . Record 2 | . 2 . Alert Level 1 | . 1 . Dispatch Records 1 | . 1 . Hauler Manifests 1 | . 1 . Fabricator Hacks . | . . . Repair Station Hacks . | . . . Recycling Unit Hacks 3 | . 3 . Recycle Component 1 | . 1 . Process 1 | . 1 . Retrieve Matter 1 | . 1 . Scanalyzer . | . . . Garrison Access Hacks . | . . . Unauthorized Hacks . | . . . Terminals . | . . . Fabricators . | . . . Repair Stations . | . . . Recycling Units . | . . . Scanalyzers . | . . . Garrison Access . | . . . Data Cores Recovered . | . . . Used . | . . . Hacking Detections 5 | . 4 1 Full Trace Events 3 | . 2 1 Feedback Events . | . . . Feedback Blocked . | . . . Robot Schematics Acquired . | . . . Robots Built . | . . . Authchips . | . . . Time . | . . . Total Robot Build Rating . | . . . Part Schematics Acquired . | . . . Parts Built . | . . . Authchips . | . . . Time . | . . . Total Part Build Rating . | . . . Parts Repaired . | . . . Time . | . . . Parts Recycled 1 | . 1 . Recycled Matter 55 | . 55 . Retrieved Matter 55 | . 55 . Retrieved Components . | . . . Parts Scanalyzed . | . . . Part Schematics Acquired . | . . . Parts Damaged . | . . . Bothacking | -11 -10 -9 ------------ Run | Yrd Mat Mat Used RIF Installer . | . . . Robots Hacked . | . . . Non-combat . | . . . Combat . | . . . Robot Hacks Applied . | . . . Relay Couplers Released . | . . . Fabnet Peak Effective % . | . . . Robots Rewired . | . . . Allies Hacked . | . . . Hacks Repelled . | . . . Allies | -11 -10 -9 -------- Run | Yrd Mat Mat Total Allies . | . . . Largest Group . | . . . Highest-Rated Group . | . . . Highest-Rated Ally . | . . . Total Orders . | . . . Ally Attacks . | . . . Total Damage . | . . . Kills . | . . . Allies Corrupted . | . . . Allies Melted . | . . . Intel | -11 -10 -9 ------- Run | Yrd Mat Mat Robot Analysis Total . | . . . Derelict Logs Recovered . | . . . Drone Launches . | . . . Drone Recoveries . | . . . Exploration | -11 -10 -9 ------------- Run | Yrd Mat Mat Turns Passed 1414 | 63 813 538 Spaces Moved 707 | 61 528 118 Core 66 | 18 14 34 Treads . | . . . Legs 115 | . 31 84 Wheels 526 | 43 483 . Hover . | . . . Flight . | . . . Fastest Speed 50 | 50 80 190 Average Speed 149 | 71 112 355 Slowest Speed 700 | 80 400 700 Overloaded Moves . | . . . Propulsion Burnouts . | . . . Robots Hopped . | . . . Cave-ins Triggered . | . . . Exploration Rate (%) 34 | 5 89 9 Regions Visited 2 Branch Regions . Pre-discovered Areas . | . . . Known Exits Taken . | . . . Unknown Exits Taken 2 | 1 1 . Scrap Searched . | . . . Spaces Dug . | . . . Terrain Destroyed 85 | . 35 50 Melee . | . . . Projectile . | . . . AOE 85 | . 35 50 Terrain Rammed . | . . . Walls Destroyed . | . . . Machines Disabled . | . . . Actions | -11 -10 -9 --------- Run | Yrd Mat Mat Total 872 | 74 629 169 Wait 26 | . 13 13 Move 705 | 60 527 118 Hop . | . . . Pick Up 19 | 4 11 4 Fast Attach . | . . . Attach 19 | 4 9 6 Detach 1 | . 1 . Swap 1 | . 1 . Drop 2 | . 1 1 Fire 93 | 6 65 22 Melee . | . . . Ram 6 | . 1 5 Kick . | . . . Crush . | . . . Escape Stasis . | . . . Rewire . | . . . Trap . | . . . Miscellaneous . | . . . Route ------- -11/Scrapyard -10/Materials (discovered 3 exits: *Mat x2 / [*Min]) -9/Materials History --------- Turn | Location | Event 2 | -11/Scrapyard | Met Revision 17 42 | -11/Scrapyard | Discovered new exit (range 8) 64 | -11/Scrapyard | Entered Materials 127 | -10/Materials | Discovered new exit (range 7) 303 | -10/Materials | Build established: Mutant 380 | -10/Materials | Discovered new exit (range 14) 716 | -10/Materials | Core integrity fell below 50% 785 | -10/Materials | Lost 3 parts (1p1n1w) 824 | -10/Materials | Discovered new exit (range 14) 877 | -10/Materials | Entered another Materials area 877 | -9/Materials | Evolved 2 slots: Utility x2 1156 | -9/Materials | Lost 7 parts (1p2n4w) 1343 | -9/Materials | Core integrity fell below 50% 1385 | -9/Materials | Core integrity fell below 20% 1415 | -9/Materials | Destroyed by G-34 Mercenary with Small Laser Last Messages --------------- U-05 Engineer builds a Wall. K-01 Serf cleans the Terminal. U-05 Engineer lays Concrete. K-01 Serf cleans the Terminal. U-05 Engineer lays Concrete. K-01 Serf cleans the Terminal. U-05 Engineer lays Concrete. U-05 Engineer builds a Wall. Hold RMB on a map location to designate it as a relative view centerpoint. This is especially useful while zoomed, in order to see further in your current direction of exploration. Try it now. U-05 Engineer builds a Wall. Sml. Laser destroyed. Slammed into G-34 Mercenary. G-34 Mercenary knocked back. Slammed into G-34 Mercenary. U-05 Engineer lays Concrete. Slammed into G-34 Mercenary. Map ----- +----------------------------------------------------+ | ???????????????????????? ??????????????????????? | | ??????????????????????? ??????????????????????? | | ???????????????????????# #?????????????????????? | | ???????????????????????# #?????????????????????? | | ???????????????????????# #?????????????????????? | | ???????????????????????# ####??????????????????? | | ???????????????????????# #??????????????????? | | ???????????????????????# #??????????????????? | | ???????????????????????# ???????????????????? | | ???????????????????????# #??????????????????? | | ?????????????########??# #??????????????????? | | ?????????????# !! #??# #??????????????????? | | ?????????????# !! #### ##/#####??????????????? | | ?????????????# !! !# # # #??????????????? | | ?????????????# # # # " #??????????????? | | ?????????????# # # # T #?? #??????????? | | ?????????????# ## #aa #!! " #? ##?????????? | | ?????????#######+### ## #!! # #####?????? | | ??######## # " ???? | | ??# # + " ???? | | ??#""" # # " # ???? | | ??#""" + ####### # # # #"####?? ????? | | ??#""" # # ## # ###????????????? | | ??# # # ## #! + ??????????? | | ??# # # ## r# #####??????????? | | ??######## # !% ##g@ # ##?????????????? | | ???????#?# + g #""""####?????????????? | | ???????# # # ## ## ###?????????????? | | ???????# # ############???????????????? | | ???????# # #! #??????????????????????????? | | ???????#?# # #??????????????????????????? | | ?????????# ##########??????????????????????????? | | ?????????#####???????????????????????????????????? | | ?????????????????????????????????????????????????? | | ?????????????????????????????????????????????????? | | ?????????????????????????????????????????????????? | | ?????????????????????????????????????????????????? | | | | | | | | | | | | | | | | | | | | | | | | | | | +----------------------------------------------------+ Best States ------------- Heat Dissipation 28 Energy Generation 14 Energy Capacity 160 Matter Stores 300 Matter Capacity 300 Sight Range 16 Terrain Scan Density 10 Evasion (%) 50 Item Schematics ----------------- None Robot Schematics ------------------ None Fabricated ------------ Nothing Alien Tech Used ----------------- None Achievements -------------- Let's See Who's Tougher Loot Pinata Shopping List Challenges ------------ None Game ------ Seed OmegaNetworkSuite Manual? 0 Play Time 00:17:52 Cumulative 1.8 hours Start 2024.05.23 @ 14:50:13 End 2024.05.28 @ 12:15:53 Sessions 4 Manual Loads 0 Difficulty Rogue Special Mode None Game No. 2 Rogue 2 Adventurer 0 Explorer 0 Win Type - Total 0 Types 0/0/0/0/0/0/0/0/0 Lore% 2 Gallery% 5 Achievement% 8 Wizard Run 0 Options --------- Layout 1 ASCII 0 Keyboard 0 Movement Mouse Keybinds 0 Fullscreen 1 Font 16/SmallcapsGlow Map View 25x20 Zoom Use 7% Tactical HUD 0 Map Filters NONE Filters NONE Steam SD RUN: 1b7f5400-72cb-481f-b72e-33e8ba637c89